 Dungeon Crawl Stone Soup version 0.31-a0-233-g139696dc86 (webtiles) character file.

Game seed: 11069405211842936827

48 qw the Shooter (level 3, -2/21 HPs)
             Began as a Gargoyle Hexslinger on July 8, 2023.
             Slain by a gnoll
             ... wielding a +2 spear of venom
              (4 damage)
             ... on level 3 of the Dungeon.
             The game lasted 00:00:27 (986 turns).

qw the Shooter (Gargoyle Hexslinger)                 Turns: 986, Time: 00:00:28

Health: -2/21      AC:  8    Str: 11    XL:     3   Next: 72%
Magic:  4/4        EV: 10    Int: 13    God:
Gold:   89         SH:  0    Dex: 14    Spells: 3/4 levels left

rFire   . . .        Y - +2 sling
rCold   . . .        (no shield)
rNeg    + . .        i - +0 ring mail
rPois   inf          (no helmet)
rElec   +            (no cloak)
rCorr   .            (no gloves)
SInv    .            (no boots)
Will    .....        c - amulet of the acrobat
Stlth   +            (no ring)
HPRegen 0.23/turn    (no ring)
MPRegen 0.09/turn

%: acrobat
@: no status effects
A: sickness immunity, AC +3, negative energy resistance 1, electricity
resistance, torment resistance 1, petrification resistance
a: no special abilities


You were on level 3 of the Dungeon.
You visited 1 branch of the dungeon, and saw 3 of its levels.

You collected 89 gold pieces.


Innate Abilities, Weirdness & Mutations

You are immune to sickness and miasma.
Your stone body is resilient. (AC +3)
You are immune to poison.
You resist negative energy. (rN+)
You are resistant to electric shocks. (rElec)
You are resistant to unholy torment.
You are immune to petrification.


   Skills:
 - Level 2.1 Fighting
 + Level 3.5 Ranged Weapons
 - Level 1.5 Dodging
 - Level 1.0 Spellcasting
 - Level 2.6 Hexes


You had 3 spell levels left.
You knew the following spells:

 Your Spells              Type           Power      Damage    Failure   Level
a - Slow                  Hex            28%        N/A       22%         1

Your spell library contained the following spells:

 Spells                   Type           Power      Damage    Failure   Level
 Inner Flame              Hex/Fire       4%         N/A       75%         3
 Portal Projectile        Hex/Tloc       8%         N/A       75%         3
 Cause Fear               Hex            3%         N/A       92%         4

Inventory:

Hand Weapons
 Y - a +2 sling (weapon)
Armour
 i - a +0 ring mail (worn)
Jewellery
 c - an amulet of the acrobat (around neck)
Scrolls
 b - a scroll of identify
Potions
 a - a potion of ambrosia {unknown}
 d - a potion of haste {unknown}
 e - a potion of attraction {unknown}
 h - a potion of curing {unknown}
 j - a potion of heal wounds {unknown}

Dungeon Overview and Level Annotations

Branches:
Dungeon (3/15)

Altars:


Message History

922 ||| READING scroll labelled WAITAU RITE.
As you read the scroll labelled WAITAU RITE, it crumbles to dust.
The air around you briefly surges with heat, but it dissipates.
It was a scroll of immolation.
Done exploring.
923 ||| READING scroll labelled OTUSIU CUUCEB.
As you read the scroll labelled OTUSIU CUUCEB, it crumbles to dust.
You assume a fearsome visage.
Nothing appears to happen.
It was a scroll of fear.
Done exploring.
(D) Dungeon
Where to? (* - list waypoints, Enter - D:2, ? - help)
What level of the Dungeon? (default 1, ? - help)
You see here a bat corpse.
You see here a frilled lizard skeleton.
There is a stone staircase leading down here.
You climb downwards.
There is a stone staircase leading up here.
Waypoint 2 assigned to D:3. 2 gnolls come into view.
A gnoll is wielding a +2 spear of venom.
The gnoll shouts! x2; You hear a shout!
You see here 16 gold pieces.
982 ||| Stepping ~*~*~tactically~*~*~ (outnumbered). 2 gnolls come into view.
The gnoll shouts!
The gnoll throws a throwing net.
The throwing net hits you.
You become entangled in the net!
Things that are here:
a throwing net; 16 gold pieces You tear a large gash into the net.
You struggle against the net.
A gnoll comes into view. It is wielding a +0 halberd.
The gnoll hits you with a +0 club.
The gnoll hits you from afar with a +2 spear of venom!
You shred the net and break free!
A bat comes into view.
The gnoll hits you with a +0 club.
The gnoll hits you from afar with a +2 spear of venom.
You die...

### ..#
#.# #.#
#.# #.#
#.# #@##
#g#.#####
.g###....#
...#
#.###.#
...g. #.##
#.# .b..
## #.# ...
#.# ###
#####.#
#<....#


You could see 3 gnolls and a bat (wandering).

Vanquished Creatures
  An adder (D:2)
  4 ball pythons
  4 bats
  2 endoplasms (D:1)
  3 giant cockroaches
  5 hobgoblins (D:2)
  2 kobolds (D:2)
  3 quokkas (D:2)
  3 frilled lizards
  5 goblins
32 creatures vanquished.

Notes
Turn   | Place    | Note
-------+----------+-------------------------------------------
     0 | D:1      | qw the Gargoyle Hexslinger began the quest for the Orb.
     0 | D:1      | Reached XP level 1. HP: 12/12 MP: 2/2
     0 | D:1      | 0 ||| qw: Version: 0.3-a-46-gb1f654a
     0 | D:1      | 0 ||| qw: Game counter: 3550
     0 | D:1      | 0 ||| qw: Melee chars always use a shield: true
     0 | D:1      | 0 ||| qw: God list: Okawaru
     0 | D:1      | 0 ||| qw: Allow faded altars: false
     0 | D:1      | 0 ||| qw: Do Orc after clearing Dungeon:15 true
     0 | D:1      | 0 ||| qw: Do second Lair branch before Depths: true
     0 | D:1      | 0 ||| qw: Lair rune preference: random
     0 | D:1      | 0 ||| qw: Goals: Normal
     0 | D:1      | 0 ||| PLANNING D:1-11
    82 | D:1      | Reached XP level 2. HP: 16/16 MP: 3/3
   285 | D:1      | Reached skill level 3 in Ranged Weapons
   427 | D:1      | 427 ||| UPGRADING to +0 ring mail.
   437 | D:1      | 437 ||| DROPPING +0 robe.
   438 | D:1      | 438 ||| READING scroll labelled MYDIRGH ZULE.
   439 | D:1      | 439 ||| READING scroll labelled KIEBOISHRUG.
   440 | D:1      | 440 ||| READING scroll labelled WEGHYF CEQAS.
   441 | D:1      | 441 ||| READING scroll labelled FUBAQ PUAF.
   442 | D:1      | 442 ||| READING scroll labelled DIEMUCLIVVU.
   443 | D:1      | 443 ||| DROPPING scroll of poison.
   498 | D:2      | Found a faded altar of an unknown god.
   504 | D:2      | Reached XP level 3. HP: 21/21 MP: 4/4
   916 | D:2      | 916 ||| UPGRADING to amulet of the acrobat.
   921 | D:2      | 921 ||| READING 2 scrolls labelled CEINUACWAPP.
   922 | D:2      | 922 ||| READING scroll labelled WAITAU RITE.
   923 | D:2      | 923 ||| READING scroll labelled OTUSIU CUUCEB.
   982 | D:3      | 982 ||| Stepping ~*~*~tactically~*~*~ (outnumbered).
   986 | D:3      | HP: 2/21 [gnoll/+0 club (5)]
   986 | D:3      | Slain by a gnoll

Levels and vault maps discovered:
D:1:      dpeg_arrival_rooms_a, layout_rooms
D:2:      layout_rooms, shapermc_ecumenical_altar_starsandcircs
D:3:      layout_loops_cross, grunt_decor_mini_mirrors,
          nicolae_underground_beach, uniq_jessica, uniq_sigmund,
          uniq_crazy_yiuf_cottage

Skill      XL: |  1  2 |
---------------+-------+-----
Ranged Weapons | 3 |  3.5
Fighting       | 2 |  2.1
Dodging        | |  1.5
Spellcasting   | |  1.0
Hexes          | |  2.6

Action                     || total
---------------------------++-------
   Fire: Sling             ||    81
    Use: Scroll            ||     8
 Armour: Robe              ||     2
         Ring mail         ||    12
  Dodge: Dodged            ||    19

Table legend:
 A = Non-vault XP
 B = Vault XP
 C = Vault XP percentage of total XP
 D = Non-vault monster count
 E = Vault monster count
 F = Vault count percentage of total count
                 A         B        C        D         E       F
            +---------+---------+-------+---------+---------+-------
      Total |      69 |       0 |   0.0 |      32 |       0 |   0.0
            +---------+---------+-------+---------+---------+-------
        D:1 |      24 |       0 |   0.0 |      14 |       0 |   0.0
        D:2 |      45 |       0 |   0.0 |      18 |       0 |   0.0
            +---------+---------+-------+---------+---------+-------
